 Dungeon Crawl Stone Soup version 0.20.0-7-g3b7b877 (webtiles) character file.

221116 inmateoo the Phalangite (level 19, -8/149 HPs)
             Began as a Merfolk Gladiator on May 29, 2017.
             Was the Champion of Makhleb.
             Killed by the raging water
             ... invoked by a water nymph
              (21 damage)
             ... on level 4 of the Shoals.
             The game lasted 01:20:07 (34972 turns).

inmateoo the Phalangite (Merfolk Gladiator)        Turns: 34972, Time: 01:20:07

Health: -8/149     AC: 16    Str: 23    XL:     19   Next: 59%
Magic:  28/28      EV: 27    Int:  9    God:    Makhleb [******]
Gold:   1640       SH:  6    Dex: 15    Spells: 6/30 levels left

rFire    + . .     SeeInvis +   c - +8 demon trident (venom)
rCold    . . .     Gourm    .   Y - +1 buckler {rN+}
rNeg     + + .     Faith    +   V - +2 ring mail of Contentment {rN+ Str+4}
rPois    +         Spirit   .   t - +1 helmet
rElec    .         Reflect  .   x - +0 cloak
rCorr    +         Harm     .   U - +0 pair of gloves {archery}
MR       ++...                  (boots currently unavailable)
Stlth    ++........             s - amulet of faith
Regen    0.4/turn               n - ring of poison resistance
MPRegen  0.3/turn               I - ring of resist corrosion

@: very quick
A: change form in water, swift swim, stealthy swim, iridescent scales 1, see
invisible, blink, clumsy 1, fire resistance 1, magic resistance 1, no potion
heal 1, sturdy frame 1
a: Blink, Minor Destruction, Lesser Servant of Makhleb, Major Destruction,
Greater Servant of Makhleb, Renounce Religion


You were on level 4 of the Shoals.
You worshipped Makhleb.
Makhleb was exalted by your worship.
You were hungry.

You visited 4 branches of the dungeon, and saw 27 of its levels.
You also visited: Ice Cave and Volcano.

You collected 3203 gold pieces.
You spent 1563 gold pieces at shops.

Inventory:

Hand Weapons
 c - a +8 demon trident of venom (weapon)
Missiles
 d - 6 throwing nets (quivered)
 J - 14 javelins of penetration
Armour
 t - a +1 helmet (worn)
 x - a +0 cloak (worn)
 T - a +1 pair of boots of running (melded)
 U - a +0 pair of gloves of archery (worn)
 V - the +2 ring mail of Contentment (worn) {rN+ Str+4}
   (You found it on level 2 of the Lair of Beasts)

   It affects your strength (+4).
   It protects you from negative energy.
 Y - a +1 buckler of positive energy (worn)
Jewellery
 l - an uncursed ring of positive energy
 n - a ring of poison resistance (left hand)
 s - an amulet of faith (around neck)
 H - an uncursed ring of flight
 I - a ring of resist corrosion (right hand)
Wands
 r - a wand of digging (19/24)
 u - a wand of paralysis (14/24)
 w - a wand of flame (20/48)
 B - a wand of lightning (3/15)
 G - a wand of polymorph (7/24)
 K - a wand of polymorph (2/24)
 N - a wand of confusion (6/48)
 P - a wand of paralysis (0/24)
 X - a wand of clouds (4/9)
 Z - a wand of lightning (5/15)
Scrolls
 e - 20 scrolls of identify
 g - 7 scrolls of enchant armour
 i - 13 scrolls of remove curse
 y - a scroll of amnesia
 A - a scroll of fear
 D - 10 scrolls of teleportation
 R - 7 scrolls of magic mapping
 S - 2 scrolls of blinking
 W - a scroll of fog
Potions
 a - a potion of magic
 h - 2 potions of cancellation
 j - a potion of mutation
 k - 3 potions of agility
 m - 4 potions of haste
 o - a potion of brilliance
 p - 8 potions of curing
 v - 2 potions of might
 z - 2 potions of invisibility
 C - 4 potions of ambrosia
 E - 2 potions of berserk rage
 M - 2 potions of resistance
 Q - 2 potions of flight
Books
 O - a book of the Sky

   Spells                             Type                      Level
   a - Summon Lightning Spire         Summoning/Air                4
   b - Silence                        Hexes/Air                    5
   c - Deflect Missiles               Charms/Air                   6
   d - Conjure Ball Lightning         Conjuration/Air              6
   e - Tornado                        Air                          9
Comestibles
 b - 33 royal jellies
 f - 14 bread rations
 q - 7 meat rations
 F - 3 chunks of flesh


   Skills:
 + Level 13.1 Fighting
 - Level 21.4 Polearms
 + Level 2.1 Throwing
 - Level 9.0 Armour
 + Level 15.6 Dodging
 - Level 5.8 Shields
 + Level 6.0 Spellcasting
 - Level 6.4 Charms
 * Level 6.4 Transmutations
 * Level 6.5 Earth Magic
 - Level 9.5 Invocations
 - Level 10.5 Evocations


You had 6 spell levels left.
You knew the following spells:

 Your Spells              Type           Power        Failure   Level  Hunger
a - Regeneration          Chrm/Necr      #.........   22%         3    ###....
b - Apportation           Tloc           #.....       26%         1    None
c - Lesser Beckoning      Tloc           #.........   61%         3    ###....
d - Passwall              Tmut/Erth      ##........   2%          2    ##.....
e - Swiftness             Chrm/Air       #.......     11%         2    ##.....
f - Shroud of Golubria    Chrm/Tloc      #.........   11%         2    ##.....
g - Blink                 Tloc           N/A          36%         2    ##.....
h - Spectral Weapon       Hex/Chrm       #.......     22%         3    ###....
i - Statue Form           Tmut/Erth      ##.......    95%         6    #######


Dungeon Overview and Level Annotations

Branches:
Dungeon (15/15)            Temple (0/1) D:4            Lair (6/6) D:9
 Shoals (4/4) Lair:2        Snake (0/4) Lair:3        Slime (0/5) Lair:5
    Orc (2/2) D:11            Elf (0/3) Orc:2        Vaults (0/5) D:14
 Depths (0/5) D:15

Altars:
Ashenzari
Fedhas
Makhleb
Nemelex Xobeh
Okawaru
Qazlal
Ru
Vehumet
Xom
Yredelemnul
The Shining One
Beogh

Shops:
D:12 ?   D:14 [:   Orc:2 %*(:   Shoals:2 ?   Shoals:4 *

Portals:
Pandemonium: Orc:2
Trove: D:11 (show slimy rune of Zot)

Annotations:
D:10 1 runed door
Shoals:2 Polyphemus
Shoals:4 Ilsuiw


Innate Abilities, Weirdness & Mutations

You revert to your normal form in water.
You are very nimble and swift while swimming.
You are very stealthy in the water. (Stealth+)
You are partially covered in iridescent scales. (AC +2)
You have supernaturally acute eyesight. (SInv)
You can translocate small distances at will.
You are clumsy. (Dex -2)
Your flesh is heat resistant. (rF+)
You are resistant to hostile enchantments. (MR+)
Potions are less effective at restoring your health.
Your movements are slightly less encumbered by armour. (ER -2)


Message History

Unknown command.
Unknown command.
Attack whom?
Press: ? - help, Dir - move target cursor, f/p - satyr
Aim: a satyr, wielding a fustibalus of velocity (almost dead)
The water nymph is in the way.
You miss the water nymph.
Your Executioner hits the snapping turtle but does no damage. x3
The water nymph gestures at you while chanting.
The water swirls and strikes you!
* * * LOW HITPOINT WARNING * * *
The faun completely misses you. The snapping turtle barely misses you.
Your Executioner hits the snapping turtle!
Your Executioner hits the snapping turtle.
Your Executioner hits the snapping turtle but does no damage.
The satyr shoots a sling bullet.
The sling bullet hits you!
* * * LOW HITPOINT WARNING * * *
x2 You hear a splash.
The water nymph points at you and mumbles some strange words.
The water swirls and strikes you!
You die...

###≈≈)≈≈≈##≈≈
#≈≈...≈≈#≈≈#
##....)##≈≈≈
#......≈#≈≈≈ ≈
#≈.....)≈### ≈≈
##......≈≈#≈ ≈≈.#
###.......≈≈≈ ≈≈≈.S
######.[......≈≈≈≈
≈≈≈≈.≈#@≈##†.......≈≈≈≈≈
≈≈≈mmcm).......≈≈≈≈≈≈≈≈≈
≈≈≈≈≈mct1.≈....≈≈≈≈≈≈≈≈≈
≈≈.............≈≈≈≈≈≈≈≈≈
≈..............≈≈≈≈≈≈≈≈≈
...............≈≈≈≈≈≈≈≈≈
...######......≈≈≈≈≈≈≈≈≈
... ##.....≈≈≈≈≈≈≈≈≈ ≈≈
##≈..≈≈≈≈≈≈≈≈≈≈


You could see a merfolk impaler, a satyr, a snapping turtle, a merfolk, a faun,
2 water nymphs and a friendly Executioner.

Vanquished Creatures
  A kraken (Shoals:2)
  Frances (Shoals:1)
  Kirke (Shoals:1)
  Roxanne (Shoals:1)
  An orc warlord (Orc:1)
  3 merfolk impalers
  An ettin (Shoals:1)
  3 merfolk javelineers
  An ice dragon (D:14)
  5 merfolk avatars
  A vault guard (D:11)
  8 hydras
  2 catoblepae
  11 two-headed ogres
  An alligator snapping turtle (Shoals:4)
  2 death knights (D:13)
  2 ogre magi (D:15)
  4 centaur warriors
  4 merfolk aquamancers
  A satyr (Shoals:3)
  Erica (D:9)
  3 death yaks (Shoals:2)
  A tengu warrior (D:14)
  8 orc high priests (Orc:2)
  Urug (Lair:3)
  A soul eater (Orc:2)
  2 unseen horrors
  A sixfirhy (Orc:2)
  A deep troll (Orc:2)
  3 torturous demonspawn (Orc:2)
  2 unseen horrors (shapeshifter)
  A glowing orange brain (D:15)
  12 sea snakes
  2 lindwurms (Volcano)
  Pikel (D:4)
  A phantasmal warrior (D:11)
  4 orc knights (Orc:2)
  2 orc sorcerers (Orc:2)
  4 harpies (Shoals:1)
  2 oklob plants (Lair:2)
  11 ugly things
  17 fauns
  7 cyclopes
  14 manticores
  A wolf spider (shapeshifter) (D:15)
  A moth of wrath (shapeshifter) (D:14)
  6 merfolk sirens
  3 black mambas
  A toenail golem (Volcano)
  4 centaur zombies
  8 elephants (Lair:6)
  2 molten gargoyles (Volcano)
  2 gargoyles
  6 water nymphs
  20 spiny frogs
  A spiny frog (shapeshifter) (D:14)
  5 rime drakes
  3 efreet (Volcano)
  10 komodo dragons
  A yaktaur (shapeshifter) (D:15)
  20 merfolk
  7 trolls
  2 queen bees
  The ghost of Gorglomux the Chopper, an amateur HOFi (D:4)
  4 tengu conjurers
  4 wind drakes
  3 meliai (Lair:4)
  6 polar bears
  7 blink frogs
  3 slime creatures (D:15)
  Grinder (D:4)
  5 hornets
  9 hippogriffs
  7 snapping turtles
  Sigmund (D:5)
  A spriggan (shapeshifter) (D:15)
  2 ynoxinuls (Orc:2)
  A tarantella (shapeshifter) (D:15)
  A wraith (D:13)
  44 yaks
  12 spriggans (Lair:5)
  A vampire (D:11)
  4 basilisks
  2 hogs (Shoals:1)
  4 wyverns
  16 water elementals
  5 fire elementals (Volcano)
  Eustachio (D:5)
  A steam dragon (Lair:4)
  3 vampire mosquitoes (D:15)
  3 wargs
  2 hell hounds (Lair:5)
  2 soldier ants
  15 water moccasins
  8 porcupines
  43 orc warriors
  7 ice beasts
  3 boggarts (Lair:5)
  5 sky beasts
  2 slaves (D:4)
  A black bear (D:9)
  2 eyes of draining
  13 ogres
  A phantom (D:8)
  22 wolves
  15 centaurs
  2 necrophages
  9 crocodiles
  A big kobold (D:11)
  A gnoll sergeant (D:8)
  19 bullfrogs
  2 earth elementals (Volcano)
  A wyvern zombie (D:12)
  8 scorpions
  2 wyvern skeletons
  44 killer bees
  3 wights (D:6)
  4 jellies
  5 crimson imps
  A quasit (D:10)
  A bullfrog zombie (D:5)
  9 hounds
  15 orc wizards
  7 centaur skeletons
  32 orc priests
  3 bullfrog skeletons
  Crazy Yiuf (D:5)
  3 iguanas
  Terence (D:2)
  4 hell rats
  8 worker ants
  A hound skeleton (D:11)
  A hound zombie (D:5)
  14 gnolls
  20 adders
  A howler monkey skeleton (D:6)
  4 shadow imps
  5 white imps (IceCv)
  4 ufetubi (IceCv)
  2 oozes (D:3)
  An adder zombie (D:5)
  A worm (shapeshifter) (D:15)
  4 worms
  2 dart slugs
  8 leopard geckos
  104 orcs
  5 giant cockroaches
  8 goblins
  7 hobgoblins
  10 jackals
  6 quokkas
  3 ball pythons
  5 bats
  3 frilled lizards
  A jackal skeleton (D:5)
  6 kobolds
  A leopard gecko skeleton (D:5)
  A leopard gecko zombie (D:5)
  A quokka skeleton (D:4)
  12 rats
  A fire vortex (Volcano)
  2 plants (Lair:2)
  2 tentacles (Shoals:2)
984 creatures vanquished.

Vanquished Creatures (collateral kills)
  2 oklob plants (Lair:2)
  4 killer bees (D:8)
  A gnoll (D:8)
7 creatures vanquished.

Vanquished Creatures (others)
  A merfolk aquamancer (Shoals:1)
  A toenail golem (Volcano)
  2 humans (Shoals:1)
  An adder (D:4)
  5 white imps (IceCv)
  4 ufetubi (IceCv)
  A leopard gecko (D:4)
  A fire vortex (Volcano)
  10 fungi
  27 plants
  11 tentacles (Shoals:2)
64 creatures vanquished.

Grand Total: 1055 creatures vanquished

Notes
Turn   | Place    | Note
-------+----------+-------------------------------------------
     0 | D:1      | inmateoo the Merfolk Gladiator began the quest for the Orb.
     0 | D:1      | Reached XP level 1. HP: 16/16 MP: 1/1
   231 | D:1      | Reached XP level 2. HP: 23/23 MP: 2/2
   396 | D:1      | Reached skill level 5 in Polearms
   459 | D:1      | Found a sparkling altar of Nemelex Xobeh.
   776 | D:2      | Reached XP level 3. HP: 25/28 MP: 3/3
   957 | D:2      | Found a shimmering altar of Xom.
   959 | D:2      | Found a shimmering altar of Xom.
   959 | D:2      | Found a white marble altar of Elyvilon.
   976 | D:2      | Found a stormy altar of Qazlal.
   976 | D:2      | Found a sparkling altar of Nemelex Xobeh.
   976 | D:2      | Found a shimmering altar of Xom.
  1125 | D:2      | Reached XP level 4. HP: 33/34 MP: 4/4
  1134 | D:3      | Reached skill level 6 in Polearms
  1152 | D:2      | Found a burning altar of Makhleb.
  1229 | D:2      | Became a worshipper of Makhleb the Destroyer
  1379 | D:4      | Noticed Grinder
  1405 | D:4      | Killed Grinder
  1405 | D:4      | Reached skill level 7 in Polearms
  1405 | D:4      | Reached skill level 5 in Dodging
  1405 | D:4      | Reached XP level 5. HP: 16/42 MP: 5/5
  1405 | D:4      | Reached XP level 6. HP: 18/48 MP: 6/6
  1825 | D:3      | Reached skill level 8 in Polearms
  1846 | D:3      | Noticed Terence
  1881 | D:2      | Killed Terence
  2070 | D:2      | Reached * piety under Makhleb
  2141 | D:3      | Reached XP level 7. HP: 48/54 MP: 7/7
  2941 | D:4      | Reached skill level 9 in Polearms
  2954 | D:4      | Noticed Pikel
  3132 | D:4      | Found an iron altar of Okawaru.
  3134 | D:4      | Noticed Gorglomux's ghost (amateur HOFi)
  3210 | D:4      | Killed Pikel
  3210 | D:4      | Reached skill level 5 in Fighting
  3210 | D:4      | Reached skill level 10 in Polearms
  3210 | D:4      | Reached skill level 1 in Armour
  3210 | D:4      | Reached XP level 8. HP: 41/62 MP: 8/8
  3422 | D:4      | Found a blossoming altar of Fedhas.
  3422 | D:4      | Found a radiant altar of Vehumet.
  3485 | D:4      | Killed Gorglomux's ghost
  3485 | D:4      | Reached ** piety under Makhleb
  3651 | D:4      | Found a staircase to the Ecumenical Temple.
  3735 | D:4      | Found a blossoming altar of Fedhas.
  3847 | D:5      | Entered Level 5 of the Dungeon
  3872 | D:5      | Found a runed door.
  3929 | D:5      | Noticed Crazy Yiuf
  3936 | D:5      | Killed Crazy Yiuf
  4088 | D:5      | Reached skill level 11 in Polearms
  4309 | D:5      | Noticed Sigmund
  4319 | D:5      | Killed Sigmund
  4319 | D:5      | Reached skill level 1 in Shields
  4319 | D:5      | Reached XP level 9. HP: 69/69 MP: 9/9
  4333 | D:5      | Noticed Eustachio
  4349 | D:5      | Killed Eustachio
  4584 | D:5      | Reached *** piety under Makhleb
  4762 | D:6      | Found a sacrificial altar of Ru.
  4820 | D:6      | Reached skill level 12 in Polearms
  4977 | D:6      | Reached skill level 1 in Invocations
  4977 | D:6      | Reached skill level 1 in Evocations
  5528 | D:7      | Found a shattered altar of Ashenzari.
  5875 | D:7      | Reached XP level 10. HP: 77/77 MP: 11/11
  6130 | D:7      | Reached **** piety under Makhleb
  6173 | D:8      | Noticed a two-headed ogre
  6198 | D:8      | Killed a two-headed ogre
  6516 | D:8      | Reached skill level 13 in Polearms
  7245 | D:9      | Reached ***** piety under Makhleb
  7324 | D:10     | Entered Level 10 of the Dungeon
  7425 | D:10     | Found a runed door.
  7425 | D:10     | Noticed a gargoyle
  7460 | D:10     | Killed a gargoyle
  8044 | D:9      | Noticed Erica
  8055 | D:9      | Killed Erica
  8055 | D:9      | Reached XP level 11. HP: 81/86 MP: 12/14
  8360 | D:9      | Found a basalt altar of Yredelemnul.
  8405 | D:9      | Found a staircase to the Lair.
  8639 | D:9      | Reached skill level 14 in Polearms
  8923 | D:10     | Noticed a two-headed ogre
  8942 | D:10     | Killed a two-headed ogre
  8942 | D:10     | Reached skill level 10 in Dodging
  9821 | D:11     | Noticed a vault guard
  9876 | D:11     | Killed a vault guard
 10072 | D:11     | Noticed a white ugly thing
 10112 | D:11     | Killed a white ugly thing
 10133 | D:11     | Gained mutation: You tend to lose your temper in combat. [mutagenic meat]
 10134 | D:11     | Gained mutation: Potions are less effective at restoring your health. [mutagenic meat]
 10135 | D:11     | Gained mutation: You are occasionally teleported next to monsters. [mutagenic meat]
 10136 | D:11     | Gained mutation: You can translocate small distances at will. [mutagenic meat]
 10137 | D:11     | Lost mutation: You are occasionally teleported next to monsters. [potion of mutation]
 10137 | D:11     | Lost mutation: You tend to lose your temper in combat. [potion of mutation]
 10137 | D:11     | Gained mutation: Your flesh is heat resistant. (rF+) [potion of mutation]
 10137 | D:11     | Gained mutation: Your mind is acute. (Int +2) [potion of mutation]
 10356 | D:11     | Found a glowing golden altar of the Shining One.
 10383 | D:11     | Noticed a brown ugly thing
 10398 | D:11     | Killed a brown ugly thing
 10398 | D:11     | Reached skill level 5 in Shields
 10513 | D:11     | Reached skill level 5 in Evocations
 10557 | D:11     | Reached ****** piety under Makhleb
 10557 | D:11     | Reached skill level 5 in Invocations
 10580 | D:11     | Noticed a cyclops
 10647 | D:11     | Reached skill level 15 in Polearms
 10680 | D:11     | Killed a cyclops
 10728 | D:11     | Reached XP level 12. HP: 88/94 MP: 15/15
 10905 | D:11     | Found a staircase to the Orcish Mines.
 10979 | D:11     | Gained mutation: You occasionally shout uncontrollably at your foes. [mutagenic meat]
 10980 | D:11     | Gained mutation: Armour fits poorly on your strangely shaped body. [mutagenic meat]
 11104 | D:11     | Found a portal to a secret trove of treasure.
 11202 | D:11     | Noticed an eight-headed hydra
 11217 | D:11     | Killed an eight-headed hydra
 11217 | D:11     | Reached skill level 5 in Armour
 11469 | D:12     | Gained mutation: You are partially covered in iridescent scales. (AC +2) [mutagenic meat]
 11471 | D:12     | Lost mutation: You occasionally shout uncontrollably at your foes. [mutagenic meat]
 11472 | D:12     | Gained mutation: Your movements are slightly less encumbered by armour. (ER -2) [mutagenic meat]
 11482 | D:12     | Found a frozen archway.
 11543 | IceCv    | Entered an ice cave
 11721 | D:12     | Found Jekkuogg's Magic Scroll Shoppe.
 11729 | D:12     | Bought a scroll of magic mapping for 45 gold pieces
 12043 | D:12     | Noticed a death knight
 12211 | Lair:1   | Entered Level 1 of the Lair of Beasts
 12454 | Lair:1   | Reached skill level 16 in Polearms
 12795 | Lair:1   | Identified the +4 chain mail of Greater Demons {Int+4} (You found it on level 1 of the Lair of Beasts)
 13392 | Lair:2   | Found a staircase to the Shoals.
 13504 | Lair:2   | Got a fine ring mail
 13505 | Lair:2   | Identified the +2 ring mail of Contentment {rN+ Str+4} (You found it on level 2 of the Lair of Beasts)
 14004 | Lair:2   | Reached XP level 13. HP: 101/101 MP: 17/17
 14853 | Lair:3   | Noticed Urug
 14878 | Lair:3   | Killed Urug
 14878 | Lair:3   | Reached skill level 17 in Polearms
 15045 | Lair:3   | Identified a +1 pair of boots of running (You found it on level 3 of the Lair of Beasts)
 15370 | Lair:3   | Reached skill level 10 in Fighting
 15378 | Lair:3   | Found a staircase to the Snake Pit.
 15657 | Lair:3   | Learned a level 2 spell: Blink
 16235 | Lair:4   | Identified a scroll of acquirement
 17307 | Lair:5   | Found a staircase to the Slime Pits.
 17435 | Lair:5   | Found a dark tunnel.
 17448 | Volcano  | Entered a volcano
 17541 | Volcano  | Reached XP level 14. HP: 111/111 MP: 20/20
 18071 | Lair:5   | Learned a level 1 spell: Apportation
 18078 | Lair:5   | Learned a level 3 spell: Lesser Beckoning
 18142 | Lair:5   | Reached skill level 18 in Polearms
 19307 | Lair:6   | Entered Level 6 of the Lair of Beasts
 20875 | Lair:6   | Reached skill level 19 in Polearms
 20886 | Lair:6   | Learned a level 2 spell: Passwall
 21554 | Orc:1    | Entered Level 1 of the Orcish Mines
 21554 | Orc:1    | Noticed an orc warlord
 21561 | Orc:1    | Reached XP level 15. HP: 119/119 MP: 22/22
 21586 | Orc:1    | Killed an orc warlord
 22010 | Orc:1    | Found a roughly hewn altar of Beogh.
 22191 | Orc:2    | Entered Level 2 of the Orcish Mines
 22221 | Orc:2    | Found a staircase to the Elven Halls.
 22374 | Orc:2    | Found Lueciva's General Store.
 22806 | Orc:2    | Found Raahoor's Food Emporium.
 23497 | Orc:2    | Reached skill level 1 in Spellcasting
 24585 | Orc:2    | Found Nessaest's Antique Weapon Shop.
 24585 | Orc:2    | Found a one-way gate leading to the halls of Pandemonium.
 24585 | Orc:2    | Found Nosiluc's Book Boutique.
 25321 | D:12     | Gained mutation: You are clumsy. (Dex -2) [mutagenic meat]
 25352 | D:13     | Learned a level 2 spell: Swiftness
 26083 | D:12     | Reached skill level 20 in Polearms
 26805 | D:14     | Found a flagged portal.
 26930 | D:14     | Found Wampiz's Book Emporium.
 26973 | D:14     | Found Azoarrid's Armour Emporium.
 27008 | D:14     | Bought a +0 pair of gloves of archery for 161 gold pieces
 27026 | D:14     | Bought a book of Battle for 760 gold pieces
 27029 | D:14     | Learned a level 2 spell: Shroud of Golubria
 27033 | D:14     | Learned a level 3 spell: Regeneration
 27037 | D:14     | Learned a level 3 spell: Spectral Weapon
 27160 | D:14     | Reached skill level 1 in Charms
 27371 | D:14     | Found a gate to the Vaults.
 27448 | D:14     | Lost mutation: Armour fits poorly on your strangely shaped body. [mutagenic meat]
 27449 | D:14     | Lost mutation: Your mind is acute. (Int +2) [mutagenic meat]
 27450 | D:14     | Gained mutation: You are resistant to hostile enchantments. (MR+) [mutagenic meat]
 27451 | D:14     | Gained mutation: You have supernaturally acute eyesight. (SInv) [mutagenic meat]
 27515 | D:14     | Reached XP level 16. HP: 127/127 MP: 23/23
 27899 | D:15     | Entered Level 15 of the Dungeon
 27966 | D:15     | Reached skill level 10 in Evocations
 28338 | D:15     | Found a staircase to the Depths.
 29080 | Shoals:1 | Entered Level 1 of the Shoals
 29227 | Shoals:1 | Noticed Frances
 29655 | Shoals:1 | Reached skill level 5 in Charms
 30052 | Shoals:1 | Noticed Kirke
 30185 | Shoals:1 | Noticed Roxanne
 30263 | Shoals:1 | Reached skill level 21 in Polearms
 30388 | Shoals:1 | Killed Frances
 30856 | Shoals:1 | Killed Kirke
 31191 | Shoals:1 | HP: 6/129 [merfolk impaler/demon trident of venom (25)]
 31615 | Shoals:2 | Reached XP level 17. HP: 126/135 MP: 24/24
 31652 | Shoals:2 | Noticed Polyphemus
 31949 | Shoals:2 | Reached skill level 15 in Dodging
 32055 | Shoals:2 | Found Leqec's Magic Scroll Emporium.
 32066 | Shoals:2 | Bought a scroll of recharging for 199 gold pieces
 32066 | Shoals:2 | Bought a scroll of identify for 42 gold pieces
 32066 | Shoals:2 | Bought a scroll of teleportation for 63 gold pieces
 32066 | Shoals:2 | Bought a scroll of identify for 42 gold pieces
 32066 | Shoals:2 | Bought a scroll of teleportation for 63 gold pieces
 32066 | Shoals:2 | Bought a scroll of magic mapping for 73 gold pieces
 32066 | Shoals:2 | Bought a scroll of identify for 42 gold pieces
 32066 | Shoals:2 | Bought a scroll of magic mapping for 73 gold pieces
 32122 | Shoals:2 | Noticed a kraken
 32504 | Shoals:1 | Killed Roxanne
 32516 | Shoals:1 | Learned a level 6 spell: Statue Form
 32520 | Shoals:1 | Reached XP level 18. HP: 102/142 MP: 25/25
 32521 | Shoals:1 | Reached skill level 5 in Spellcasting
 32521 | Shoals:1 | Reached skill level 5 in Earth Magic
 32521 | Shoals:1 | Reached XP level 19. HP: 107/148 MP: 26/26
 33908 | Shoals:3 | Reached skill level 5 in Transmutations
 34409 | Shoals:4 | Entered Level 4 of the Shoals
 34844 | Shoals:4 | Found Dufan's General Store.
 34853 | Shoals:4 | Noticed Ilsuiw
 34972 | Shoals:4 | Killed from afar by a water nymph

Skill      XL: |  1  2  3  4  5  6  7  8  9 10 11 12 13 14 15 16 17 18 19 |
---------------+----------------------------------------------------------+-----
Polearms       | 5 7 8 10 11 12 13 15 16 17 19 20 21 | 21.4
Fighting       | 3 4 5 6 7 8 9 10 11 12 13 | 13.1
Dodging        | 5 6 7 8 9 10 11 12 13 14 15 | 15.6
Armour         | 1 2 3 4 5 6 7 8 9 |  9.0
Shields        | 1 2 4 5 |  5.8
Invocations    | 2 4 5 6 8 9 |  9.5
Evocations     | 2 3 5 6 7 8 9 10 | 10.5
Spellcasting   | 2 4 5 6 |  6.0
Charms         | 1 6 |  6.4
Earth Magic    | 4 5 6 |  6.5
Transmutations | 3 6 |  6.4
Throwing       | |  2.1

Action                   |  1- 3 |  4- 6 |  7- 9 | 10-12 | 13-15 | 16-18 | 19-21 || total
-------------------------+-------+-------+-------+-------+-------+-------+-------++-------
Melee: Trident           |   169 |   159 |   482 |   449 |  2368 |   738 |       ||  4365
       Spear             |       |       |       |   782 |       |       |       ||   782
       Tailslap          |       |       |       |       |     4 |    57 |    39 ||   100
       Demon trident     |       |       |       |       |       |   134 |   402 ||   536
Throw: Throwing net      |       |     2 |       |     3 |       |       |       ||     5
 Cast: Regeneration      |       |       |       |       |       |     1 |     2 ||     3
Invok: Lesser Servant of |       |       |       |     1 |     3 |       |       ||     4
       Greater Servant o |       |       |       |       |       |     2 |     1 ||     3
Evoke: Wand              |       |       |    26 |    32 |    70 |    21 |     7 ||   156
  Use: Scroll            |       |       |    18 |    12 |    15 |    14 |     1 ||    60
       Potion            |       |       |       |     1 |     2 |     5 |       ||     8
 Stab: Held in net/web   |       |     1 |       |     5 |       |       |       ||     6
       Confused          |       |       |    15 |    32 |    27 |     7 |       ||    81
       Distracted        |       |       |     1 |     1 |     3 |     2 |       ||     7
       Sleeping          |       |       |       |     1 |       |       |       ||     1
       Paralysed         |       |       |       |       |     7 |     2 |     8 ||    17
  Eat: Chunk             |     1 |     3 |    13 |    37 |    38 |     9 |     1 ||   102
       Fruit             |       |       |       |     4 |    15 |     2 |       ||    21
       Meat ration       |       |       |       |       |       |     1 |     1 ||     2
Armor: Leather armour    |    12 |       |    26 |    79 |       |       |       ||   117
       Ring mail         |    34 |    44 |    32 |       |   331 |   131 |    58 ||   630
Dodge: Dodged            |   109 |    99 |   170 |   367 |  1109 |   459 |   204 ||  2517
Block: Buckler           |       |       |    30 |   107 |   384 |   155 |    60 ||   736
